 Dungeon Crawl Stone Soup version 0.30-a0-845-g7c6808c8ce (webtiles) character file.

Game seed: 7508031680969026438

821 Corto the Digger (level 7, -5/36 HPs)
             Began as a Gargoyle Earth Elementalist on Feb 10, 2023.
             Slain by a gnoll
             ... wielding a +0 halberd
             ... led by a gnoll bouda
              (11 damage)
             ... on level 5 of the Dungeon on Mar 3, 2023.
             The game lasted 00:14:36 (3641 turns).

Corto the Digger (Gargoyle Earth Elementalist)      Turns: 3641, Time: 00:14:37

Health: -5/36      AC: 13    Str:  8    XL:     7   Next: 95%
Magic:  13/13      EV: 12    Int: 17    God:
Gold:   253        SH:  0    Dex: 15    Spells: 13/14 levels left

rFire   + . .      SeeInvis .    o - +10 whip "Cuseawn" {freeze, rElec rF+ Str-4 Dex+5}
rCold   . . .      Faith    .    (no shield)
rNeg    + . .      Spirit   .    E - +2 leather armour {Will+}
rPois   ∞          Reflect  .    l - +0 helmet
rElec   +          Rampage  .    (no cloak)
rCorr   .                        s - +2 pair of gloves
Will    +....                    (no boots)
Stlth   ++                       (no amulet)
HPRegen 0.26/turn                (no ring)
MPRegen 0.13/turn                (no ring)

@: no status effects
A: sickness immunity, AC +4, negative energy resistance 1, electricity
resistance, torment resistance 1, petrification resistance
a: no special abilities


You were on level 5 of the Dungeon.
You visited 1 branch of the dungeon, and saw 5 of its levels.
You also visited: Sewer.

You collected 253 gold pieces.

Inventory:

Hand Weapons
 a - a +1 short sword of venom
 o - the +10 whip "Cuseawn" (weapon) {freeze, rElec rF+ Str-4 Dex+5}
   (You found it on level 2 of the Dungeon)

   Str:       It affects your strength (-4).
   Dex:       It affects your dexterity (+5).
   rF:        It protects you from fire.
   rElec:     It insulates you from electricity.
Armour
 l - a +0 helmet (worn)
 s - a +2 pair of gloves (worn)
 E - a +2 leather armour of willpower (worn)
Jewellery
 u - an amulet of faith {!P}
Wands
 t - a wand of digging (5)
Scrolls
 c - 3 scrolls of identify {unknown}
 f - a scroll of enchant armour {unknown}
 g - 3 scrolls of teleportation {unknown}
 q - 2 scrolls of fog {unknown}
 w - a scroll of magic mapping {unknown}
 x - 2 scrolls of amnesia {unknown}
 y - a scroll of blinking {unknown}
 B - a scroll of fear {unknown}
 C - a scroll of immolation {unknown}
Potions
 b - 2 potions of magic
 d - 2 potions of attraction {unknown}
 e - 2 potions of curing {unknown}
 h - 3 potions of lignification {unknown}
 i - 2 potions of degeneration {unknown}
 j - 3 potions of mutation {unknown}
 k - a potion of brilliance {unknown}
 m - a potion of cancellation {unknown}
 n - a potion of ambrosia {unknown}
 p - 2 potions of haste {unknown}
 r - a potion of invisibility {unknown}
 v - 2 potions of flight {unknown}
 z - 2 potions of heal wounds {unknown}
 A - a potion of resistance {unknown}
 D - a potion of berserk rage {unknown}


   Skills:
 + Level 3.6 Dodging
 - Level 4.1 Stealth
 + Level 4.1 Spellcasting
 + Level 3.3 Transmutations
 + Level 6.0 Earth Magic


You had 13 spell levels left.
You knew the following spells:

 Your Spells              Type           Power      Damage    Failure   Level
a - Sandblast             Erth           46%        2d11      1%          1

Your spell library contained the following spells:

 Spells                   Type           Power      Damage    Failure   Level
 Passwall                 Tmut/Erth      15%        N/A       4%          2
 Stone Arrow              Conj/Erth      26%        3d8       21%         3
 Petrify                  Tmut/Erth      19%        N/A       32%         4
 Blink                    Tloc           6%         N/A       34%         2
 Lesser Beckoning         Tloc           6%         N/A       34%         2
 Momentum Strike          Conj/Tloc      6%         3d8       34%         2


Dungeon Overview and Level Annotations

Branches:
Dungeon (5/15)              Sewer (visited)
 Temple: D:4-7

Altars:

Shops:
D:2 [


Innate Abilities, Weirdness & Mutations

You are immune to sickness and miasma.
Your stone body is resilient. (AC +4)
You are immune to poison.
You resist negative energy. (rN+)
You are resistant to electric shocks. (rElec)
You are resistant to unholy torment.
You are immune to petrification.


Message History

The gnoll bouda hits you but does no damage.
The gnoll completely misses you.
The gnoll shouts! x2
The gnoll barely misses you. The gnoll hits you but does no damage.
The gnoll bouda gazes fiercely through you!
You feel your attacks grow feeble.
The gnoll hits you but does no damage. x2
The gnoll bouda attacks as you move away!
The gnoll bouda hits you but does no damage.
The gnoll hits you but does no damage.
The gnoll throws a throwing net.
The throwing net barely misses you.
The gnoll throws a throwing net.
The throwing net hits you.
You become entangled in the net!
The gnoll hits you but does no damage.
You see here a throwing net.
You struggle against the net.
The gnoll hits you but does no damage.
You struggle against the net.
Your attacks no longer feel as feeble.
The gnoll barely misses you.
The gnoll hits you from afar with a +0 halberd.
You struggle against the net.
The gnoll barely misses you.
The gnoll hits you from afar with a +0 halberd.
The gnoll hits you but does no damage.
You struggle against the net.
The gnoll is no longer moving quickly.
The gnoll hits you with a +0 whip.
The gnoll hits you from afar with a +0 halberd!
The gnoll hits you but does no damage. The gnoll bouda barely misses you.
You shred the net and break free! The gnoll hits you but does no damage.
The gnoll hits you from afar with a +0 halberd!
* * * LOW HITPOINT WARNING * * *
The gnoll barely misses you. The gnoll bouda barely misses you.
You hit the gnoll. You freeze the gnoll.
The gnoll is moderately wounded.
The gnoll is no longer moving quickly.
The gnoll barely misses you. The gnoll closely misses you. x2
The gnoll bouda hits you but does no damage.
You closely miss the gnoll.
The gnoll is moderately wounded.
The gnoll hits you but does no damage.
The gnoll hits you from afar with a +0 halberd!
You die... ••• █•••••••••••••••• █••███•••••••••••••••• █••••••••••••••)••••█ ██(••••••█••••))••••█ █•••█••••█•••••••••██ ██ █•••••••••••••••••██ █••██•••••••█•)••█•••••• █••••••gg••••••••••••••• █••••••@g••••••••••••••• █•••••<•█g•••••••••••••• ██████•██••••••••██••••• ████••••••••█ •█•• █••••••••██ █•• █••••••••█ █••••••••••• •••<•••••██••• •••••••••• ███

You could see a gnoll bouda and 3 gnolls.

Vanquished Creatures
  Sigmund (D:2)
  Eustachio (D:4)
  Pargi (Sewer)
  A black bear (D:4)
  A hound (D:4)
  2 orc priests (D:5)
  4 orc wizards
  Robin (D:2)
  4 adders
  2 worms
  7 orcs
  7 bats
  6 endoplasms
  3 giant cockroaches
  15 goblins
  5 hobgoblins
  8 jackals
  6 kobolds
  2 quokkas (D:2)
  5 ball pythons
  7 frilled lizards
  3 rats
92 creatures vanquished.

Notes
Turn   | Place    | Note
-------+----------+-------------------------------------------
     0 | D:1      | Corto the Gargoyle Earth Elementalist began the quest for
                  | the Orb.
     0 | D:1      | Reached XP level 1. HP: 10/10 MP: 3/3
     9 | D:1      | Upgraded the game from 0.30-a0-758-gc2c871d025 to
                  | 0.30-a0-845-g7c6808c8ce
   163 | D:1      | Reached skill level 1 in Transmutations
   163 | D:1      | Reached XP level 2. HP: 12/15 MP: 5/5
  1110 | D:2      | Reached XP level 3. HP: 9/19 MP: 0/6
  1209 | D:2      | Identified the +10 whip "Cuseawn" {freeze, rElec rF+ Str-4
                  | Dex+5}
  1221 | D:2      | Noticed Robin
  1225 | D:2      | Reached skill level 4 in Earth Magic
  1298 | D:2      | Killed Robin
  1299 | D:2      | Reached XP level 4. HP: 3/24 MP: 7/7
  1479 | D:2      | Found Uhorept's Antique Armour Shop.
  1777 | D:2      | Noticed Sigmund
  2115 | D:2      | Killed Sigmund
  2116 | D:2      | Reached XP level 5. HP: 4/28 MP: 7/9
  2116 | D:2      | Reached XP level 6. HP: 5/32 MP: 7/10
  2732 | D:4      | Found a glowing drain.
  2762 | Sewer    | Entered a sewer
  2778 | Sewer    | Noticed Pargi
  2794 | Sewer    | Killed Pargi
  2795 | Sewer    | Reached skill level 5 in Earth Magic
  3145 | D:4      | Noticed Eustachio
  3145 | D:4      | Noticed a black bear
  3155 | D:4      | Killed a black bear
  3156 | D:4      | Reached XP level 7. HP: 31/36 MP: 8/12
  3179 | D:4      | Killed Eustachio
  3544 | D:5      | Entered Level 5 of the Dungeon
  3569 | D:5      | Reached skill level 6 in Earth Magic
  3641 | D:5      | Slain by a gnoll

Illustrated notes

Levels and vault maps discovered:
D:1:      dpeg_arrival_refuge, layout_loops_corners
D:2:      layout_rooms, serial_shops, shop, feat_on_display, uniq_robin,
          uniq_sigmund
D:3:      layout_rooms
D:4:      kennysheep_kobold_camp, layout_gridville, minmay_temple_entry_glass,
          cheibrodos_sewer_entry_sluice, uniq_eustachio
D:5:      layout_cave_pools, lemuel_zombie_altar_kikubaaqudgha

Skill      XL: |  1  2  3  4  5  6  7 |
---------------+----------------------+-----
Transmutations | 1 2 3 |  3.3
Earth Magic    | 4 5 6 |  6.0
Dodging        | 2 3 |  3.6
Stealth        | 3 4 |  4.1
Spellcasting   | 3 4 |  4.1

Action                     |  1- 3 |  4- 6 |  7- 9 || total
---------------------------+-------+-------+-------++-------
  Melee: Unarmed           |    54 |       |       ||    54
         Dagger            |    72 |       |       ||    72
         Club              |    21 |       |       ||    21
         Whip              |    19 |    91 |    52 ||   162
   Cast: Sandblast         |     8 |    20 |     7 ||    35
   Stab: Sleeping          |     6 |     6 |     1 ||    13
         Distracted        |       |     1 |       ||     1
 Armour: Robe              |    68 |    72 |    11 ||   151
         Leather armour    |       |       |    36 ||    36
  Dodge: Dodged            |   142 |    89 |    74 ||   305

Table legend: (Time is in decaauts)
 A = Elapsed time spent in this place.
 B = Non-inter-level travel time spent in this place.
 C = Inter-level travel time spent in this place.
 D = Time resting spent in this place.
 E = Time spent auto-exploring this place.
 F = Levels seen in this place.
 G = Mean time per level.
                   A        B        C        D        E       F      G
               +--------+--------+--------+--------+--------+-----+--------+
         Total |   3717 |   3552 |    165 |    115 |   2248 |   6 |  619.5 |
       Dungeon |   3529 |   3364 |    165 |    115 |   2208 |   5 |  705.8 |
         Sewer |    187 |    187 |      0 |      0 |     40 |   1 |  187.0 |
               +--------+--------+--------+--------+--------+-----+--------+

Top non-repeatable levels by time:
     D:1: 1288 daAuts
     D:2: 1034 daAuts
     D:4: 690 daAuts
     D:3: 418 daAuts
   Sewer: 187 daAuts
     D:5: 98 daAuts
